 Dungeon Crawl Stone Soup version 0.30.1-11-g7821555f0a (webtiles) character file.

Game seed: 17662960306813597120

2639 KittyFluff the Covered (level 9, -4/82 HPs)
             Began as a Gargoyle Berserker on Nov 10, 2023.
             Was an Elder of Trog.
             Slain by a wight
             ... wielding a +5 spear
              (8 damage)
             ... on level 7 of the Dungeon.
             The game lasted 00:28:14 (7699 turns).

KittyFluff the Covered (Gargoyle Berserker)         Turns: 7699, Time: 00:28:14

Health: -4/82      AC: 13    Str: 24    XL:     9   Next: 61%
Magic:  9/9        EV: 12    Int:  9    God:    Trog [****..]
Gold:   198        SH:  5    Dex:  9    Spells: 8/8 levels left

rFire   . . .        a - +0 mace
rCold   . . .        (no shield)
rNeg    + . .        e - +0 leather armour
rPois   ∞            A - +0 helmet
rElec   +            (no cloak)
rCorr   .            (no gloves)
SInv    .            I - +0 pair of boots
Will    .....        w - amulet of reflection Stlth
                     (no ring)
HPRegen 0.33/turn    (no ring)
MPRegen 0.11/turn

%: reflection
@: berserking (expiring), studying Unarmed Combat, very quick
A: sickness immunity, AC +6, negative energy resistance 1, electricity
resistance, torment resistance 1, petrification resistance
a: Renounce Religion, Berserk, Trog's Hand, Brothers in Arms


You were on level 7 of the Dungeon.
You worshipped Trog.
Trog was greatly pleased with you.
You visited 1 branch of the dungeon, and saw 7 of its levels.
You also visited: Ossuary.

You collected 308 gold pieces.
You spent 110 gold pieces at shops.

Inventory:

Hand Weapons
 a - a +0 mace (weapon)
 D - a +0 sling
Missiles
 f - 2 javelins
 F - a silver boomerang (quivered)
Armour
 b - a +0 robe of fire resistance
 e - a +0 leather armour (worn)
 A - a +0 helmet (worn)
 I - a +0 pair of boots (worn)
Jewellery
 k - an amulet of guardian spirit
 r - a ring of ice
 w - an amulet of reflection (around neck)
 G - an amulet of faith
Scrolls
 d - 4 scrolls of fog {unknown}
 g - 2 scrolls of vulnerability {unknown}
 h - 3 scrolls of teleportation
 i - 4 scrolls of immolation {unknown}
 j - a scroll of torment {unknown}
 l - 4 scrolls of poison
 t - a scroll of acquirement {unknown}
 u - 3 scrolls of blinking {unknown}
 v - 4 scrolls of fear {unknown}
 x - a scroll of butterflies
 y - a scroll of enchant weapon
 z - 2 scrolls of brand weapon {unknown}
Potions
 c - 5 potions of curing
 m - a potion of attraction
 n - 3 potions of might
 o - 2 potions of cancellation
 p - 2 potions of heal wounds
 q - 2 potions of magic {unknown}
 s - a potion of mutation {unknown}
 B - 2 potions of degeneration {unknown}
 C - a potion of resistance {unknown}
 E - 3 potions of lignification {unknown}
 H - a potion of berserk rage {unknown}
 K - a potion of flight {unknown}


   Skills:
 + Level 6.2 Fighting
 * Level 7.5 Maces & Flails
 * Level 7.8 Armour
 + Level 4.3 Dodging
 + Level 5.5 Stealth


You had 8 spell levels left.
You didn't know any spells.
Your spell library was empty.

Dungeon Overview and Level Annotations

Branches:
Dungeon (7/15)             Temple (0/1) D:5         Ossuary (visited)

Altars:
Nemelex Xobeh

Shops:
D:3 ?(


Innate Abilities, Weirdness & Mutations

You are immune to sickness and miasma.
Your stone body is resilient. (AC +6)
You are immune to poison.
You resist negative energy. (rN+)
You are resistant to electric shocks. (rElec)
You are resistant to unholy torment.
You are immune to petrification.


Message History

You hit the slime creature but do no damage.
The slime creature is moderately wounded.
The wight hits you from afar with a +5 spear.
The slime creature hits you!
* * * LOW HITPOINT WARNING * * *
You block the slime creature's attack.
A red film seems to cover your vision as you go berserk!
You feel yourself moving faster!
You feel mighty! You block the wight's attack.
The slime creature closely misses you. You block the slime creature's attack.
You barely miss the slime creature.
The slime creature is moderately wounded.
You block the wight's attack. The slime creature barely misses you.
The slime creature closely misses you.
You sock the slime creature!
The slime creature is lightly wounded.
You sock the slime creature!
The slime creature is heavily wounded.
You block the wight's attack.
The wight hits you from afar with a +5 spear.
* * * LOW HITPOINT WARNING * * *
The slime creature hits you but does no damage. x2
You thump the slime creature!
The slime creature is heavily wounded.
The wight hits you with a +4 long sword.
* * * LOW HITPOINT WARNING * * *
You block the wight's attack.
The slime creature hits you but does no damage.
The slime creature hits you.
* * * LOW HITPOINT WARNING * * *
You hit the slime creature.
The slime creature is heavily wounded.
You hit the slime creature.
The slime creature is severely wounded.
The wight misses you. The wight closely misses you.
The slime creature hits you but does no damage. x2
You thump the slime creature!
The slime creature is almost dead.
You block the wight's attack.
The wight hits you from afar with a +5 spear!
You die...

.........
..........
..........
.........#
.........#
.......z.#
#......JJ#
#.....z@#
#.......#
##.....###
#.......####
#..####.....####
#.. ####....[###
.# #####...####
####...####
####...#


You could see 2 slime creatures and 2 wights.

Vanquished Creatures
  2 slime creatures (D:7)
  A sky beast (D:6)
  A centaur (D:4)
  2 phantoms
  A kobold brigand (D:6)
  2 bullfrogs (D:6)
  12 scorpions
  A human zombie (Ossuary)
  3 jellies
  3 hounds
  3 orc priests
  3 orc wizards (D:5)
  3 iguanas
  6 scorpion zombies (Ossuary)
  3 mummies (Ossuary)
  4 gnolls (D:6)
  10 adders
  3 white imps
  4 ufetubi
  5 dart slugs
  16 orcs
  15 ball pythons
  10 bats
  7 endoplasms
  3 giant cockroaches
  11 goblins
  10 hobgoblins
  4 jackals
  3 quokkas
  4 frilled lizards
  6 gnoll zombies (Ossuary)
  4 goblin zombies (Ossuary)
  A hobgoblin zombie (Ossuary)
  A jackal zombie (D:6)
  12 kobolds
  2 rats (D:1)
  A rat zombie (D:6)
182 creatures vanquished.

Notes
Turn   | Place    | Note
-------+----------+-------------------------------------------
     0 | D:1      | KittyFluff the Gargoyle Berserker began the quest for the
                  | Orb.
     0 | D:1      | Reached XP level 1. HP: 14/14 MP: 1/1
   172 | D:1      | Reached XP level 2. HP: 19/19 MP: 2/2
   573 | D:1      | Reached XP level 3. HP: 18/23 MP: 3/3
   582 | D:1      | Reached skill level 1 in Stealth
   604 | D:1      | Reached ** piety under Trog
  2004 | D:2      | Reached XP level 4. HP: 28/28 MP: 4/4
  2127 | D:3      | Found Dihegoa's Antique Weapon Emporium.
  2339 | D:3      | Found a sparkling altar of Nemelex Xobeh.
  2673 | D:3      | Found a faded altar of an unknown god.
  2765 | D:3      | Reached XP level 5. HP: 21/33 MP: 5/5
  3055 | D:3      | Found Wuvetere's Magic Scroll Emporium.
  3120 | D:3      | Bought a scroll of noise for 11 gold pieces
  3120 | D:3      | Bought a scroll of identify for 22 gold pieces
  3120 | D:3      | Bought a scroll of teleportation for 33 gold pieces
  3125 | D:3      | Bought a scroll of poison for 44 gold pieces
  3350 | D:4      | Reached XP level 6. HP: 22/38 MP: 6/6
  3566 | D:4      | Reached *** piety under Trog
  4008 | D:4      | Reached XP level 7. HP: 32/44 MP: 7/7
  4269 | D:5      | Entered Level 5 of the Dungeon
  4280 | D:5      | Reached skill level 5 in Maces & Flails
  4454 | D:5      | Reached skill level 5 in Armour
  4895 | D:5      | Found a staircase to the Ecumenical Temple.
  5135 | D:5      | Reached XP level 8. HP: 41/48 MP: 8/8
  5511 | D:6      | Reached skill level 5 in Fighting
  5635 | D:6      | Noticed a hornet
  5687 | D:6      | Found a sand-covered staircase.
  5696 | D:6      | Reached **** piety under Trog
  5729 | Ossuary  | Entered an ossuary
  6221 | Ossuary  | Reached XP level 9. HP: 45/54 MP: 9/9
  6250 | Ossuary  | Reached skill level 5 in Stealth
  7426 | D:7      | Killed a large slime creature
  7696 | D:7      | HP: 3/82 [slime creature (5)]
  7699 | D:7      | Slain by a wight

Illustrated notes

Levels and vault maps discovered:
D:1:      dpeg_arrival_court, layout_basic, minmay_small_reverse_x
D:2:      layout_basic, serial_glass, glass_columns_a, glass_columns_a,
          minmay_puff
D:3:      layout_basic, nemelex_dance_club_becter,
          hellmonk_ecumenical_altar_slurped_away, serial_shops,
          nicolae_shop_advertising_works [nicolae_subvault_shop_adworks], shop,
          grunt_ministairs_1, dk_vineyard_2, hangedman_glass_teeth,
          minmay_door_square
D:4:      layout_basic, minmay_manual_macuahuitl
D:5:      layout_loops_ring, minmay_temple_entry_wispy
D:6:      layout_loops_corners, enter_ossuary_3
D:7:      minmay_flawed_box, layout_cave_pods, nicolae_overflows_in_rows

Skill      XL: |  1  2  3  4  5  6  7  8  9 |
---------------+----------------------------+-----
Stealth        | 1 2 3 4 5 |  5.5
Dodging        | 2 3 4 |  4.3
Armour         | 3 4 5 6 7 |  7.8
Maces & Flails | 4 5 6 7 |  7.5
Fighting       | 4 5 6 |  6.2

Action                     |  1- 3 |  4- 6 |  7- 9 || total
---------------------------+-------+-------+-------++-------
  Melee: Mace              |   115 |   224 |   556 ||   895
         Punch             |       |       |    12 ||    12
  Throw: Boomerang         |       |       |     3 ||     3
         Javelin           |       |       |     2 ||     2
 Invoke: Berserk           |       |       |     3 ||     3
    Use: Scroll            |       |     3 |     6 ||     9
   Stab: Sleeping          |     1 |       |     6 ||     7
 Armour: Leather armour    |    49 |    85 |   207 ||   341
         Animal skin       |     3 |       |       ||     3
  Dodge: Dodged            |    86 |   133 |   274 ||   493
  Block: Other             |       |    53 |   130 ||   183
         Reflection        |       |     1 |     2 ||     3
